 Dungeon Crawl Stone Soup version 0.28.0-1-gb440e238dd (webtiles) character file.

Game seed: 15605419123239965602

58 Crownlay the Chucker (level 4, -1/48 HPs)
             Began as an Ogre Hunter on Feb 20, 2022.
             Slain by a kobold (3 damage)
             ... on level 2 of the Dungeon.
             The game lasted 00:02:07 (1561 turns).

Crownlay the Chucker (Ogre Hunter)                  Turns: 1561, Time: 00:02:07

Health: -1/48      AC:  3    Str: 18    XL:     4   Next: 1%
Magic:  4/4        EV:  9    Int: 12    God:
Gold:   115        SH:  0    Dex:  9    Spells: 3/3 levels left

rFire   . . .      SeeInvis .   a - +0 short sword
rCold   . . .      Faith    .   (no shield)
rNeg    . . .      Spirit   .   b - +0 robe
rPois   .          Reflect  .   (helmet restricted)
rElec   .          Harm     .   (no cloak)
rCorr   .          Rampage  .   (gloves unavailable)
Will    .....                   (boots unavailable)
Stlth   +.........              (no amulet)
HPRegen 0.16/turn               (no ring)
MPRegen 0.09/turn               (no ring)

@: no status effects
A: large, unfitting armour, tough skin 1
a: no special abilities


You were on level 2 of the Dungeon.
You visited 1 branch of the dungeon, and saw 2 of its levels.

You collected 115 gold pieces.

Inventory:

Hand Weapons
 a - a +0 short sword (weapon)
Missiles
 c - 2 large rocks (quivered)
 d - 2 throwing nets
Armour
 b - a +0 robe (worn)
Scrolls
 e - a scroll of acquirement {unknown}
 f - a scroll of vulnerability {unknown}
 h - a scroll of magic mapping {unknown}
 j - a scroll of blinking {unknown}
Potions
 g - a potion of flight {unknown}
 i - a potion of haste {unknown}


   Skills:
 + Level 3.8 Fighting
 * Level 5.0 Throwing
 - Level 1.7 Dodging
 - Level 0.6 Stealth


You had 3 spell levels left.
You didn't know any spells.
Your spell library contained the following spells:

 Spells                   Type           Power      Damage    Failure   Level
 Blink                    Tloc           0%         N/A       45%         2
 Lesser Beckoning         Tloc           0%         N/A       69%         3
 Manifold Assault         Tloc           0%         N/A       100%        5


Dungeon Overview and Level Annotations

Branches:
Dungeon (2/15)

Altars:


Innate Abilities, Weirdness & Mutations

You are too large for most types of armour.
You have tough skin. (AC +1)


Message History

The hobgoblin hits you.
* * * LOW HITPOINT WARNING * * *
You hit the hobgoblin but do no damage.
The hobgoblin is heavily wounded.
The hobgoblin barely misses you.
You closely miss the hobgoblin.
The hobgoblin is moderately wounded.
The hobgoblin hits you.
* * * LOW HITPOINT WARNING * * *
You completely miss the hobgoblin.
The hobgoblin is moderately wounded.
The hobgoblin hits you.
* * * LOW HITPOINT WARNING * * *
Throw: 5 large rocks
Press: ? - help, Q - select action, (/) - cycle Shift-Dir - straight line, f - hobgoblin
Aim: a hobgoblin (moderately wounded, 57% to hit)
You throw a large rock.
The large rock closely misses the hobgoblin.
The large rock barely misses the hobgoblin.
The large rock hits the ball python!!
You kill the ball python!
The hobgoblin hits you.
* * * LOW HITPOINT WARNING * * *
The hobgoblin barely misses you.
Throw: 4 large rocks
Press: ? - help, Q - select action, (/) - cycle Shift-Dir - straight line, f/p - hobgoblin
Aim: a hobgoblin (moderately wounded, 57% to hit)
You throw a large rock.
The large rock completely misses the hobgoblin.
The large rock hits the hobgoblin!!
You kill the hobgoblin!
The hobgoblin hits you but does no damage. x2
You have reached level 4!
Throw: 3 large rocks
Press: ? - help, Q - select action, (/) - cycle Shift-Dir - straight line, f/p - hobgoblin
Aim: a hobgoblin (moderately wounded, 57% to hit)
You throw a large rock. The large rock hits the hobgoblin!!
You kill the hobgoblin!
The kobold hits you with a +0 dagger.
You die...

########## #........#
#........# #### #........#
...## #........#
#..####........#
###.#...........#
...########.....##........#
#.....((K@...............#
#.......#######.[....#####
#.......# ###....##
####..#.. ### #.#†..#
#...###. ...##.#>#.## #.#.
#..........#..# ...#.
.............### ..###
#..........##†..#
...........##.#.#


You could see a kobold.

Vanquished Creatures
  2 adders (D:2)
  2 dart slugs (D:2)
  A bat (D:2)
  4 endoplasms
  A giant cockroach (D:2)
  4 goblins (D:1)
  5 hobgoblins
  A quokka (D:1)
  8 ball pythons
  4 frilled lizards
  2 kobolds (D:1)
  4 rats
38 creatures vanquished.

Notes
Turn   | Place    | Note
-------+----------+-------------------------------------------
     0 | D:1      | Crownlay the Ogre Hunter began the quest for the Orb.
     0 | D:1      | Reached XP level 1. HP: 22/22 MP: 1/1
   235 | D:1      | Reached XP level 2. HP: 26/31 MP: 2/2
   842 | D:1      | Reached XP level 3. HP: 25/37 MP: 3/3
   939 | D:1      | Found a faded altar of an unknown god.
  1538 | D:2      | Reached skill level 5 in Throwing
  1559 | D:2      | HP: 1/39 [hobgoblin (4)]
  1561 | D:2      | Reached XP level 4. HP: 2/48 MP: 4/4
  1561 | D:2      | Slain by a kobold

Illustrated notes

Levels and vault maps discovered:
D:1:      dpeg_arrival_round_a, layout_basic,
          dreamdust_ecumenical_altar_sealed_demon
D:2:      layout_rooms, minmay_pentomino_t2, uniq_jessica

Skill      XL: |  1  2  3 |
---------------+----------+-----
Fighting       | 3 |  3.8
Throwing       | 5 |  5.0
Dodging        | |  1.7
Stealth        | |  0.6

Action                   |  1- 3 |  4- 6 || total
-------------------------+-------+-------++-------
Melee: Short sword       |   143 |       ||   143
       Punch             |     5 |       ||     5
Throw: Large rock        |     2 |     1 ||     3
Armor: Robe              |    49 |       ||    49
Dodge: Dodged            |    76 |       ||    76
